 Dungeon Crawl Stone Soup version 0.21-a0-396-ga924934 (webtiles) character file.

37 KristoblXynda the Ducker (level 3, -2/27 HPs)
             Began as a Demonspawn Gladiator on Oct 19, 2017.
             Killed from afar by a dart slug (6 damage)
             ... with a slug dart
             ... on level 2 of the Dungeon.
             The game lasted 00:01:25 (1054 turns).

KristoblXynda the Ducker (Demonspawn Gladiator)     Turns: 1054, Time: 00:01:26

Health: -2/27      AC:  6    Str: 14    XL:     3   Next: 21%
Magic:  3/3        EV: 12    Int: 10    God:
Gold:   79         SH:  0    Dex: 14    Spells: 2/2 levels left

rFire    . . .     SeeInvis .   a - +0 long sword
rCold    . . .     Gourm    .   (no shield)
rNeg     . . .     Faith    .   l - +0 ring mail
rPois    .         Spirit   .   c - +0 helmet
rElec    .         Reflect  .   (no cloak)
rCorr    .         Harm     .   (no gloves)
MR       .....                  (no boots)
Stlth    +.........             (no amulet)
HPRegen  0.09/turn              (no ring)
MPRegen  0.08/turn              (no ring)

@: lethally poisoned (-2 -> -3)
A: powered by death 1, sturdy frame 1
a: no special abilities


You were on level 2 of the Dungeon.
You were hungry.

You visited 1 branch of the dungeon, and saw 2 of its levels.

You collected 79 gold pieces.

Inventory:

Hand Weapons
 a - a +0 long sword (weapon)
Missiles
 d - 3 throwing nets (quivered)
Armour
 c - a +0 helmet (worn)
 l - a +0 ring mail (worn)
Scrolls
 e - 2 scrolls of remove curse {unknown}
 h - 2 scrolls of blinking {unknown}
 i - a scroll of teleportation {unknown}
 j - 2 scrolls of amnesia {unknown}
 k - a scroll of fog {unknown}
 m - a scroll of magic mapping {unknown}
 n - a scroll of enchant weapon {unknown}
 q - 2 scrolls of identify {unknown}
 r - a scroll of noise {unknown}
Potions
 b - 2 potions of curing {unknown}
 p - a potion of magic {unknown}
Comestibles
 f - 2 bread rations
 g - 2 meat rations
 o - 4 fruits
 s - a royal jelly


   Skills:
 - Level 2.0 Fighting
 + Level 3.1 Long Blades
 - Level 1.7 Throwing
 + Level 1.3 Armour
 + Level 3.2 Dodging


You had 2 spell levels left.
You didn't know any spells.

Dungeon Overview and Level Annotations

Branches:
Dungeon (2/15)

Altars:


Innate Abilities, Weirdness & Mutations

You regenerate a little health from kills.
Your movements are slightly less encumbered by armour. (ER -2)


Message History

You feel sick.
You feel sick.
You feel sick.
You feel sick.
You feel sick.
You feel sick.
You feel sick.
Found 21 bolts.
A dart slug comes into view.
You feel sick. The dart slug launches a dart at you. The slug dart hits you!
A dart slug is nearby!
A dart slug is nearby!
You feel sick.
You are feeling hungry.
You hit the dart slug but do no damage. The dart slug launches a dart at you.
The slug dart hits you!
You die...

###..# ###
.#.... #...##
.(.##. #.###
#.>... . #####.#
####.#
...#.%...#
......
.........# ####
####..
....#....##.....
##.
###.(.......#
#.. ###...@####
########..
#...w#
#........#
#....#
..####..##
#..... #)...##
..####. #.####
... .#
####.###### ...
.# ##..........
.. .#
##..###......
#..## #.....)


You could see a dart slug.

Vanquished Creatures
  An adder (D:2)
  A worm (D:2)
  A dart slug (D:1)
  3 giant cockroaches
  3 goblins
  A hobgoblin (D:2)
  5 kobolds
  3 bats (D:1)
  A frilled lizard (D:2)
  5 rats (D:1)
24 creatures vanquished.

Notes
Turn   | Place    | Note
-------+----------+-------------------------------------------
     0 | D:1      | KristoblXynda the Demonspawn Gladiator began the quest for the Orb.
     0 | D:1      | Reached XP level 1. HP: 16/16 MP: 1/1
   349 | D:1      | Gained mutation: Your movements are slightly less encumbered by armour. (ER -2) [demonic ancestry]
   349 | D:1      | Reached XP level 2. HP: 22/22 MP: 2/2
   850 | D:2      | Reached skill level 1 in Armour
   903 | D:2      | Gained mutation: You regenerate a little health from kills. [demonic ancestry]
   903 | D:2      | Reached XP level 3. HP: 24/27 MP: 3/3
  1054 | D:2      | Killed from afar by a dart slug

Vault maps used:
D:1:      onia_arrival_larder, supply_closet_lemuel

Skill      XL: |  1  2 |
---------------+-------+-----
Dodging        | 3 |  3.2
Long Blades    | 3 |  3.1
Armour         | 1 |  1.3
Fighting       | |  2.0
Throwing       | |  1.7

Action                   || total
-------------------------++-------
Melee: Long sword        ||    59
 Stab: Sleeping          ||     1
Armor: Leather armour    ||     2
       Ring mail         ||    17
Dodge: Dodged            ||    38
       Rpst.: Long sword ||     7

Table legend:
 A = Spawn XP
 B = Non-spawn XP
 C = Spawn XP percentage of total XP
 D = Spawn monster count
 E = Non-spawn monster count
 F = Spawn count percentage of total count
 G = Total turns spent on level
                    A         B        C        D         E        F      G
               +---------+---------+-------+---------+---------+-------+---------
         Total |       0 |      53 |   0.0 |       0 |      24 |   0.0 |  1054
               +---------+---------+-------+---------+---------+-------+---------
           D:1 |       0 |      20 |   0.0 |       0 |      13 |   0.0 |   839
           D:2 |       0 |      33 |   0.0 |       0 |      11 |   0.0 |   215
               +---------+---------+-------+---------+---------+-------+---------
